 Dungeon Crawl Stone Soup version 0.31-a0-1237-gabc64e778c (webtiles) character file.

Game seed: 787405970023983959

74 wildpjah the Covered (level 4, 0/28 HPs)
             Began as a Tengu Fighter on Dec 16, 2023.
             Slain by a gnoll
             ... wielding a +0 halberd
              (11 damage)
             ... on level 2 of the Dungeon.
             The game lasted 00:03:12 (1076 turns).

wildpjah the Covered (Tengu Fighter)                Turns: 1076, Time: 00:03:13

Health: 0/28       AC:  7    Str: 17    XL:     4   Next: 28%
Magic:  5/5        EV:  9    Int:  8    God:
Gold:   83         SH:  5    Dex: 15    Spells: 3/3 levels left

rFire   . . .        a - +0 long sword
rCold   . . .        c - +0 buckler
rNeg    . . .        b - +0 scale mail
rPois   .            (helmet restricted)
rElec   .            (no cloak)
rCorr   +            (no gloves)
SInv    .            (boots unavailable)
Will    .....        (no amulet) Stlth
                     j - ring of resist corrosion
HPRegen 0.24/turn    (no ring)
MPRegen 0.09/turn

%: acrobat
@: no status effects
A: beak, talons 3, acrobatic
a: no special abilities


You were on level 2 of the Dungeon.
You visited 1 branch of the dungeon, and saw 2 of its levels.

You collected 83 gold pieces.

Inventory:

Hand Weapons
 a - a +0 long sword (weapon)
Armour
 b - a +0 scale mail (worn)
 c - a +0 buckler (worn)
 n - an orb of guile
Jewellery
 i - a ring of fire
 j - a ring of resist corrosion (left hand)
Scrolls
 e - a scroll of amnesia {unknown}
 g - 3 scrolls of identify {unknown}
 h - 4 scrolls of fear {unknown}
 k - a scroll of teleportation {unknown}
 l - a scroll of revelation {unknown}
 m - a scroll of fog {unknown}
 p - a scroll of vulnerability {unknown}
 q - a scroll of silence {unknown}
Potions
 d - a potion of might
 f - 2 potions of mutation {unknown}
 o - a potion of curing {unknown}


   Skills:
 + Level 3.3 Fighting
 + Level 3.1 Long Blades
 + Level 4.1 Armour
 + Level 0.2 Dodging
 + Level 3.5 Shields


You had 3 spell levels left.
You didn't know any spells.
Your spell library was empty.

Dungeon Overview and Level Annotations

Branches:
Dungeon (2/15)

Altars:

Shops:
D:1 (


Innate Abilities, Weirdness & Mutations

You have a beak for a mouth.
You have claws for feet.
You can magically evade attacks while moving or waiting.


Message History

The gnoll closely misses you. The gnoll barely misses you.
The gnoll hits you with a +0 flail. The gnoll hits you but does no damage.
You climb upwards.
There is a stone staircase leading down here.
You hit the gnoll.
You kill the gnoll!
The gnoll barely misses you.
Your Armour skill increases to level 4!
You hit the gnoll. You claw the gnoll.
The gnoll is heavily wounded.
The gnoll hits you with a +0 flail. The gnoll closely misses you.
You slash the gnoll!
You kill the gnoll!
You have reached level 4!
You feel stronger.
You start resting.
HP restored.
You climb downwards.
There is a stone staircase leading up here.
The gnoll completely misses you.
You hit the gnoll. You claw the gnoll!
The gnoll is almost dead.
The gnoll barely misses you.
The gnoll hits you from afar with a +0 halberd.
You block the gnoll's attack.
You hit the gnoll but do no damage.
The gnoll is almost dead.
The gnoll hits you but does no damage. The gnoll barely misses you.
You completely miss the gnoll.
The gnoll is almost dead.
The gnoll closely misses you. The gnoll hits you with a +0 flail.
You hit the gnoll.
You kill the gnoll!
The gnoll hits you from afar with a +0 halberd!
Ouch! That really hurt!
The gnoll barely misses you.
Your Long Blades skill increases to level 3!
There is a stone staircase leading up here.
The gnoll hits you from afar with a +0 halberd!
You die...

............)....gg....#
..........###########..#
.....†.#### #########.##
.....#### #.......).# _..###..#
#........## ####....# #........#
........# #....)g..# ########
........# #........# #......#
........# #...@....# #......#
........# ##........# #......#
........# #..##.##### ##..######
........####.###.# ###.........
.............###.#####...#.......
.........#.......................
##......................#........
##..##....................######
#..####....................#


You could see a gnoll.

Vanquished Creatures
  3 gnolls
  An adder (D:2)
  A dart slug (D:2)
  6 bats
  2 giant cockroaches
  2 goblins (D:2)
  A hobgoblin (D:2)
  2 jackals (D:1)
  2 quokkas (D:2)
  5 ball pythons
  3 frilled lizards (D:1)
  5 kobolds
  2 rats
35 creatures vanquished.

Notes
Turn   | Place    | Note
-------+----------+-------------------------------------------
     0 | D:1      | wildpjah the Tengu Fighter began the quest for the Orb.
     0 | D:1      | Reached XP level 1. HP: 14/14 MP: 2/2
   121 | D:1      | Found Sigi's Weapon Boutique.
   224 | D:1      | Reached XP level 2. HP: 19/19 MP: 3/3
   725 | D:2      | Reached XP level 3. HP: 23/23 MP: 4/4
   983 | D:2      | Found a faded altar of an unknown god.
  1039 | D:1      | Reached skill level 4 in Armour
  1041 | D:1      | Reached XP level 4. HP: 21/28 MP: 5/5
  1076 | D:2      | Slain by a gnoll

Illustrated notes

Levels and vault maps discovered:
D:1:      dpeg_arrival_water_temple_mockup, layout_rooms, serial_shops,
          nicolae_shop_peninsula, minmay_tetromino_l2
D:2:      layout_rooms, hellmonk_ecumenical_altar_zigzags

Skill      XL: |  1  2  3  4 |
---------------+-------------+-----
Armour         | 4 |  4.1
Long Blades    | 3 |  3.1
Fighting       | |  3.3
Dodging        | |  0.2
Shields        | |  3.5

Action                     |  1- 3 |  4- 6 || total
---------------------------+-------+-------++-------
  Melee: Long sword        |    88 |     4 ||    92
         Kick              |    16 |     1 ||    17
         Peck              |     7 |       ||     7
 Armour: Scale mail        |    62 |     5 ||    67
  Dodge: Dodged            |    70 |     5 ||    75
  Block: Buckler           |    27 |     1 ||    28

Table legend: (Time is in decaauts)
 A = Elapsed time spent in this place.
 B = Non-inter-level travel time spent in this place.
 C = Inter-level travel time spent in this place.
 D = Time resting spent in this place.
 E = Time spent auto-exploring this place.
 F = Levels seen in this place.
 G = Mean time per level.
                   A        B        C        D        E       F      G
               +--------+--------+--------+--------+--------+-----+--------+
         Total |   1105 |   1068 |     37 |     27 |    756 |   2 |  552.5 |
       Dungeon |   1105 |   1068 |     37 |     27 |    756 |   2 |  552.5 |
               +--------+--------+--------+--------+--------+-----+--------+

Top non-repeatable levels by time:
     D:1: 634 daAuts
     D:2: 470 daAuts
